 Dungeon Crawl Stone Soup version 0.24-a0-582-g4d4af813a0 (webtiles) character file.

Game seed: 14183004442628586914

104 Argons the Grasshopper (level 4, 22/22 HPs)
             Began as a Felid Warper on Aug 27, 2019.
             Was an Initiate of Dithmenos.
             Quit the game on level 4 of the Dungeon.
             The game lasted 00:29:37 (4728 turns).

Argons the Grasshopper (Felid Warper)               Turns: 4728, Time: 00:29:37

Health: 22/22      AC:  1    Str:  7    XL:     4   Next: 52%
Magic:  8/8        EV: 18    Int: 14    God:    Dithmenos [......]
Gold:   121        SH:  0    Dex: 17    Spells: 3/7 levels left
                                        Lives:  0   Deaths: 1

rFire    + . .     SeeInvis +     - Unarmed
rCold    . . .     Gourm    .   (shield unavailable)
rNeg     . . .     Faith    .   (armour unavailable)
rPois    +         Spirit   .   (helmet unavailable)
rElec    .         Reflect  .   (cloak unavailable)
rCorr    .         Harm     .   (gloves unavailable)
MR       .....                  (boots unavailable)
Stlth    +++.......             k - amulet of regeneration
HPRegen  0.47/turn              l - ring of protection from fire
MPRegen  0.11/turn              m - ring of poison resistance

@: quick
A: very small, no armour, no weapons or thrown items, stealth, claws 1, fangs 3,
see invisible, carnivore, speed 1, shaggy fur 1, slow metabolism 1, sharp paws
a: Renounce Religion


You were on level 4 of the Dungeon.
You worshipped Dithmenos.
Dithmenos was noncommittal.
You were not hungry.

You visited 2 branches of the dungeon, and saw 7 of its levels.

You collected 121 gold pieces.

Inventory:

Jewellery
 k - an amulet of regeneration (around neck)
 l - a ring of protection from fire (left paw)
 m - a ring of poison resistance (right paw)
Wands
 o - a wand of polymorph (11)
Scrolls
 b - a scroll of blinking
 e - 2 scrolls of remove curse
 h - a scroll of teleportation
Potions
 a - 2 potions of might
 d - 3 potions of curing
 f - 2 potions of resistance {unknown}
 g - a potion of degeneration {unknown}
 i - a potion of heal wounds {unknown}
 j - 2 potions of agility {unknown}
 n - a potion of cancellation {unknown}
Comestibles
 c - 3 rations
 p - a chunk of flesh


   Skills:
 + Level 3.7 Fighting
 - Level 3.2 Dodging
 + Level 4.3 Stealth
 + Level 3.7 Unarmed Combat
 - Level 2.0 Spellcasting
 - Level 4.4 Translocations


You had 3 spell levels left.
You knew the following spells:

 Your Spells              Type           Power        Failure   Level  Hunger
a - Shroud of Golubria    Chrm/Tloc      #.....       14%         2    ###....
b - Blink                 Tloc           N/A          6%          2    ###....

Your spell library contained the following spells:

 Spells                   Type           Power        Failure   Level  Hunger
 Gell's Gravitas          Tloc           ##........   12%         3    ####...
 Lesser Beckoning         Tloc           ##........   12%         3    ####...
 Teleport Other           Tloc           ##......     12%         3    ####...
 Corona                   Hex            #......      24%         1    ##.....
 Ensorcelled Hibernation  Hex/Ice        #.....       34%         2    ###....
 Confuse                  Hex            #.......     56%         3    ####...
 Dazzling Spray           Conj/Hex       #.....       56%         3    ####...
 Tukima's Dance           Hex            #.......     56%         3    ####...
 Passage of Golubria      Tloc           N/A          36%         4    #####..


Dungeon Overview and Level Annotations

Branches:
Dungeon (6/15)             Temple (1/1) D:4

Altars:
Ashenzari
Cheibriados
Dithmenos
Elyvilon
Gozag
Hepliaklqana
Kikubaaqudgha
Makhleb
Nemelex Xobeh
Okawaru
Qazlal
Ru
Trog
Uskayaw
Vehumet
Xom
Zin

Annotations:
D:4 Blork the orc, Edmund


Innate Abilities, Weirdness & Mutations

You cannot wear armour.
You are incapable of wielding weapons or throwing items.
Your paws allow you to move quietly. (Stealth)
You have sharp claws.
You have razor-sharp teeth.
You have supernaturally acute eyesight. (SInv)
You are carnivorous and can eat meat at any time.
You cover ground quickly.
You are covered in fur. (AC +1)
You have a slow metabolism.
Your sharp claws are effective at attacking unaware monsters.


Message History

The jackal skeleton bites you. The jackal skeleton misses you.
The orc priest hits you.
* * * LOW HITPOINT WARNING * * *
You scratch the orc priest but do no damage.
The orc priest is severely wounded.
The jackal skeleton bites you.
* * * LOW HITPOINT WARNING * * *
You scratch the orc priest.
The orc priest is almost dead.
The orc priest misses you. The jackal skeleton misses you.
You barely miss the orc priest.
The orc priest is almost dead.
The orc priest invokes the aid of Beogh against you.
Pain shoots through your body!
Ouch! That really hurt!
You die...
The jackal skeleton bites you.
You are now level 4!
You rejoin the land of the living...
Are you sure you want to abandon this character and quit the game? (Confirm with "yes".)

.......#....#.#.#...#
#......#....o.......#
.>.......#.#Z>.#.##.#
?...(.##.#.#...#.....
.............#....#..
........#.##[#.##.#..
.###....#...........#
#..#....##.#.#.#.#
#@.#.##Z...#.#.#.#
#........).......#
#.....[.##########
#########


There were no monsters in sight!

Vanquished Creatures
  A crimson imp (D:3)
  An orc wizard (D:3)
  A hound skeleton (D:5)
  3 gnolls (D:3)
  3 adders
  An adder zombie (D:6)
  A worm (D:2)
  2 dart slugs
  A leopard gecko (D:4)
  7 orcs
  5 bats
  4 giant cockroaches
  5 goblins
  7 hobgoblins
  A quokka (D:5)
  A ball python (D:4)
  2 frilled lizards (D:3)
  6 kobolds
  A leopard gecko skeleton (D:2)
  6 rats
59 creatures vanquished.

Notes
Turn   | Place    | Note
-------+----------+-------------------------------------------
     0 | D:1      | Argons the Felid Warper began the quest for the Orb.
     0 | D:1      | Reached XP level 1. HP: 9/9 MP: 4/4
   358 | D:1      | Reached skill level 1 in Stealth
   704 | D:1      | Reached XP level 2. HP: 13/13 MP: 6/6
   708 | D:1      | Learned a level 2 spell: Shroud of Golubria
   711 | D:1      | Learned a level 2 spell: Blink
  2053 | D:2      | Reached XP level 3. HP: 16/16 MP: 5/7
  2532 | D:3      | Found a sacrificial altar of Ru.
  2586 | D:3      | Found a white marble altar of Elyvilon.
  2630 | D:3      | Found a sparkling altar of Nemelex Xobeh.
  2808 | D:4      | Found a radiant altar of Vehumet.
  2809 | D:4      | Noticed Edmund
  3030 | D:3      | Noticed an ogre
  3077 | D:3      | Found a bloodstained altar of Trog.
  3086 | D:3      | Found a shattered altar of Ashenzari.
  3086 | D:3      | Found a sacrificial altar of Ru.
  3088 | D:3      | Found a shimmering altar of Xom.
  3088 | D:3      | Found a glowing silver altar of Zin.
  3088 | D:3      | Found a shattered altar of Ashenzari.
  3120 | D:3      | Found a burning altar of Makhleb.
  3120 | D:3      | Found a shimmering altar of Xom.
  3436 | D:3      | Reached XP level 4. HP: 15/21 MP: 8/8
  3562 | D:3      | Found a hazy altar of Hepliaklqana.
  3667 | D:4      | Noticed Blork the orc
  3680 | D:4      | Reached XP level 5. HP: 24/24 MP: 9/9
  3715 | D:4      | You fall into a shaft and drop 2 floors!
  3771 | D:5      | Entered Level 5 of the Dungeon
  3797 | D:5      | Noticed a phantom
  4130 | D:4      | Found a staircase to the Ecumenical Temple.
  4170 | Temple   | Entered the Ecumenical Temple
  4534 | Temple   | Became a worshipper of Dithmenos the Shadowed
  4727 | D:4      | Killed from afar by an orc priest
  4728 | D:4      | Reached XP level 4. HP: -9/22 MP: 8/8
  4728 | D:4      | Quit the game

Levels and vault maps discovered:
D:1:      tarquinn_simple_flora_water_e, layout_loops_ring, serial_bayou,
          serial_bayou_lake_a, serial_bayou_pond_e, serial_bayou_pond_c,
          serial_bayou_crossing, serial_bayou_shore_a, serial_bayou_pond_a
D:2:      layout_loops_cross, serial_forest, infiniplex_forest_corner_1,
          infiniplex_forest_lined_3_way, infiniplex_forest_end_3,
          infiniplex_forest_lined_2, infiniplex_forest_lined_room_,
          infiniplex_forest_end_1, infiniplex_forest_straight_1,
          infiniplex_forest_clump_C, infiniplex_forest_lined_room_3,
          infiniplex_forest_clump_long
D:3:      layout_rooms, marbit_many_paths, nicolae_overflow_hidden_temple,
          elyvilon_altar_3, nicolae_ru_great_annihilating_truth,
          minmay_misc_feat_chi, doesnt_xom_only_xom
D:4:      layout_rooms, lemuel_crystal_altar, kennysheep_mini,
          minmay_temple_entry_ruins, first_ration, uniq_blork_the_orc,
          uniq_edmund
D:5:      layout_rooms, yredelemnul_forgotten_temple_becter,
          lemuel_blue_sif_altar, uniq_sigmund, uniq_grinder
D:6:      layout_gridville, enter_ossuary_2
Temple:   compressed_dpeg_triangle_lava_temple

Skill      XL: |  1  2  3  4  5 |
---------------+----------------+-----
Stealth        | 1 2 3 4 |  4.3
Fighting       | 3 |  3.7
Unarmed Combat | 3 |  3.7
Dodging        | |  3.2
Spellcasting   | |  2.0
Translocations | |  4.4

Action                   |  1- 3 |  4- 6 || total
-------------------------+-------+-------++-------
Melee: Unarmed           |   176 |   110 ||   286
       Bite              |    15 |    14 ||    29
       Punch             |     2 |     2 ||     4
 Cast: Shroud of Golubri |     3 |     1 ||     4
  Use: Scroll            |     7 |       ||     7
       Potion            |       |     1 ||     1
 Stab: Sleeping          |     7 |     7 ||    14
       Paralysed         |       |     1 ||     1
  Eat: Chunk             |    12 |     3 ||    15
Armor: Skin              |     4 |     3 ||     7
Dodge: Dodged            |    89 |    98 ||   187

Table legend:
 A = Non-vault XP
 B = Vault XP
 C = Vault XP percentage of total XP
 D = Non-vault monster count
 E = Vault monster count
 F = Vault count percentage of total count
                 A         B        C        D         E       F
            +---------+---------+-------+---------+---------+-------
      Total |     247 |      47 |  16.0 |      54 |       5 |   8.5
            +---------+---------+-------+---------+---------+-------
        D:1 |      13 |       0 |   0.0 |       8 |       0 |   0.0
        D:2 |      41 |       0 |   0.0 |      14 |       0 |   0.0
        D:3 |     130 |      47 |  26.6 |      19 |       5 |  20.8
        D:4 |      20 |       0 |   0.0 |       4 |       0 |   0.0
        D:5 |      24 |       0 |   0.0 |       3 |       0 |   0.0
        D:6 |       7 |       0 |   0.0 |       2 |       0 |   0.0
     Temple |      12 |       0 |   0.0 |       4 |       0 |   0.0
            +---------+---------+-------+---------+---------+-------
